 Dungeon Crawl Stone Soup version 0.23-a0-49-gd9f7a49668 (webtiles) character file.

5970 Nilun the Carver (level 10, -3/51 HPs)
             Began as a Vine Stalker Fighter on Aug 6, 2018.
             Was a Believer of the Shining One.
             Slain by a komodo dragon (19 damage)
             ... on level 10 of the Dungeon.
             The game lasted 00:30:11 (8631 turns).

Nilun the Carver (Vine Stalker Fighter)             Turns: 8631, Time: 00:30:12

Health: -3/51      AC: 12    Str: 22    XL:     10   Next: 84%
Magic:  0/16       EV:  5    Int:  8    God:    the Shining One [**....]
Gold:   747        SH: 11    Dex: 14    Spells: 9/9 levels left

rFire    . . .     SeeInvis .   a - +0 long sword
rCold    . . .     Gourm    .   c - +1 shield
rNeg     + . .     Faith    .   d - +0 plate armour
rPois    .         Spirit   +   (no helmet)
rElec    .         Reflect  .   (no cloak)
rCorr    +         Harm     .   (no gloves)
MR       +....                  (no boots)
Stlth    ..........             (no amulet)
HPRegen  0.57/turn              i - +3 ring of slaying
MPRegen  0.15/turn              F - ring of resist corrosion

@: glowing
A: fangs 3, regeneration 1, magic shield, antimagic bite, no potion heal 3, rot
immunity
a: Divine Shield, Renounce Religion


You were on level 10 of the Dungeon.
You worshipped the Shining One.
The Shining One was pleased with you.
You were not hungry.

You visited 2 branches of the dungeon, and saw 11 of its levels.

You collected 840 gold pieces.
You spent 66 gold pieces at shops.
You donated 27 gold pieces to Zin.

Inventory:

Hand Weapons
 a - a +0 long sword (weapon)
Armour
 b - a +0 scale mail
 c - a +1 shield (worn)
 d - a +0 plate armour (worn)
Jewellery
 h - an uncursed ring of protection from cold
 i - a +3 ring of slaying (left hand)
 x - an uncursed ring of stealth
 B - an uncursed ring of teleportation
 F - a ring of resist corrosion (right hand)
 H - a +3 ring of strength {unknown}
Wands
 t - a wand of disintegration (9)
 v - a wand of flame (62)
 y - a wand of iceblast (7)
 E - a wand of digging (11)
Scrolls
 j - 2 scrolls of immolation {unknown}
 l - a scroll of enchant armour
 n - 6 scrolls of identify
 o - 8 scrolls of teleportation {unknown}
 r - 6 scrolls of remove curse
 s - 4 scrolls of amnesia {unknown}
 C - 2 scrolls of fear
 G - 2 scrolls of blinking
Potions
 e - a potion of flight {unknown}
 g - a potion of haste
 m - 2 potions of resistance
 p - 3 potions of lignification {unknown}
 q - a potion of curing {unknown}
 u - 2 potions of heal wounds {unknown}
 w - a potion of brilliance {unknown}
 z - 2 potions of degeneration {unknown}
 A - 2 potions of mutation {unknown}
 D - 2 potions of ambrosia {unknown}
 I - a potion of cancellation {unknown}
Comestibles
 f - 23 rations
 k - 5 chunks of flesh


   Skills:
 + Level 5.0 Fighting
 + Level 8.9 Long Blades
 + Level 6.1 Armour
 + Level 1.7 Dodging
 + Level 1.8 Stealth
 + Level 6.0 Shields
 * Level 7.3 Invocations


You had 9 spell levels left.
You didn't know any spells.
Your spell library contained the following spells:

 Spells                   Type           Power        Failure   Level  Hunger
 Apportation              Tloc           #.....       100%        1    ##.....
 Summon Small Mammal      Summ           #...         100%        1    ##.....
 Animate Skeleton         Necr           N/A          100%        1    ##.....
 Confusing Touch          Hex            #.....       100%        1    ##.....


Dungeon Overview and Level Annotations

Branches:
Dungeon (10/15)            Temple (1/1) D:5            Lair (0/6) D:10
    Orc (0/2) D:10

Altars:
Ashenzari
Cheibriados
Dithmenos
Elyvilon
Fedhas
Gozag
Hepliaklqana
Kikubaaqudgha
Makhleb
Nemelex Xobeh
Okawaru
Qazlal
Ru
Sif Muna
Trog
Uskayaw
Vehumet
Wu Jian
Xom
Yredelemnul
Zin
The Shining One

Shops:
D:4 *

Annotations:
D:8 exclusion: door


Innate Abilities, Weirdness & Mutations

You have razor-sharp teeth.
Your natural rate of healing is unusually fast.
When hurt, damage is shared between your health and your magic reserves.
Your bite disrupts and absorbs the magic of your enemies.
Potions cannot restore your health.
You are immune to rotting.


Message History

You destroy the worker ant zombie!
The Shining One accepts your kill.
There is a stone staircase leading up here.
The crimson imp blinks!
There is a stone staircase leading up here.
You hit the komodo dragon.
The komodo dragon is lightly wounded.
You block the komodo dragon's attack.
You hit the komodo dragon but do no damage.
You bite the komodo dragon, but do no damage.
The komodo dragon is lightly wounded.
The komodo dragon bites you!!
You closely miss the orc priest. You bite the orc priest! You drain its power.
You feel invigorated.
The orc priest is heavily wounded.
The orc priest hits you but does no damage.
The crimson imp blinks!
The komodo dragon bites you!!
* * * LOW HITPOINT WARNING * * *
You block the orc priest's attack. The komodo dragon bites you!!
You die...

..8.8...........##
.................#
#................#
#................#
*................#
,................#
,,..)............#
,,,.............o#
****#..........l@#
,,,**..........5<#
,,,,*,..........<#
,,,,*,,..........#
,,,,,,,,.........#
,,,,,,,,,.../....#
,,,,,,,,,........#
,,,,,,,,,...!....#
,,,,,,,,,........#***


You could see a komodo dragon, an orc priest and a crimson imp.

Vanquished Creatures
  Harold (D:7)
  A hornet (D:9)
  A hippogriff (D:9)
  A wyvern (D:8)
  A hungry ghost (D:8)
  2 water moccasins
  An ice beast (D:8)
  5 orc warriors
  6 ogres
  4 phantoms
  2 sky beasts
  3 centaurs
  A big kobold (D:8)
  9 bullfrogs
  4 scorpions
  A wyvern skeleton (D:9)
  3 killer bees (D:8)
  A howler monkey (D:7)
  4 crimson imps
  A quasit (D:8)
  A centaur zombie (D:8)
  A bullfrog zombie (D:8)
  2 jellies (D:9)
  2 centaur skeletons
  8 orc priests
  3 hounds
  7 orc wizards
  10 worker ants
  An iguana (D:6)
  A hound skeleton (D:8)
  3 worker ant zombies
  15 adders
  A howler monkey skeleton (D:4)
  An adder skeleton (D:5)
  An adder zombie (D:7)
  4 worms
  A dart slug (D:1)
  8 leopard geckos
  59 orcs
  3 ball pythons
  7 bats
  4 giant cockroaches
  7 goblins
  7 hobgoblins
  12 jackals
  6 kobolds
  3 quokkas
  6 frilled lizards
  A jackal zombie (D:6)
  A quokka skeleton (D:4)
  8 rats
  A plant (D:3)
247 creatures vanquished.

Vanquished Creatures (others)
  A plant (D:10)
1 creature vanquished.

Grand Total: 248 creatures vanquished

Notes
Turn   | Place    | Note
-------+----------+-------------------------------------------
     0 | D:1      | Nilun the Vine Stalker Fighter began the quest for the Orb.
     0 | D:1      | Reached XP level 1. HP: 11/11 MP: 2/2
   143 | D:1      | Reached XP level 2. HP: 13/16 MP: 3/3
   339 | D:1      | Reached skill level 2 in Long Blades
   543 | D:1      | Reached XP level 3. HP: 19/20 MP: 2/4
   985 | D:2      | Gained mutation: Your natural rate of healing is unusually fast. [Vine Stalker growth]
   985 | D:2      | Reached XP level 4. HP: 16/24 MP: 5/5
  1905 | D:3      | Noticed an ogre
  1950 | D:3      | Killed an ogre
  1950 | D:3      | Reached skill level 3 in Long Blades
  1950 | D:3      | Reached skill level 1 in Dodging
  1950 | D:3      | Reached XP level 5. HP: 18/28 MP: 4/6
  2289 | D:4      | Reached XP level 6. HP: 24/32 MP: 4/7
  2348 | D:4      | Found Dekkelum's General Store.
  2351 | D:4      | Bought a scroll of identify for 24 gold pieces
  2351 | D:4      | Bought a scroll of magic mapping for 42 gold pieces
  2441 | D:4      | Found a basalt altar of Yredelemnul.
  2453 | D:4      | Reached skill level 4 in Long Blades
  3041 | D:5      | Entered Level 5 of the Dungeon
  3058 | D:4      | Reached XP level 7. HP: 21/36 MP: 6/8
  3405 | D:5      | Found a staircase to the Ecumenical Temple.
  3415 | Temple   | Entered the Ecumenical Temple
  3495 | Temple   | Became a worshipper of Zin the Law-Giver
  3495 | Temple   | Reached * piety under Zin
  3875 | D:6      | Reached skill level 5 in Long Blades
  3891 | D:6      | Zin protects you from harm!
  4028 | D:5      | Reached skill level 1 in Invocations
  4172 | D:6      | Found a sacrificial altar of Ru.
  4233 | D:6      | Gained mutation: You have razor-sharp teeth. [Vine Stalker growth]
  4233 | D:6      | Reached XP level 8. HP: 41/41 MP: 9/9
  4309 | D:6      | Reached ** piety under Zin
  4406 | D:6      | Found a blossoming altar of Fedhas.
  4615 | D:5      | Reached skill level 1 in Stealth
  5013 | D:7      | Noticed Harold
  5049 | D:7      | Killed Harold
  5049 | D:7      | Reached skill level 6 in Long Blades
  5049 | D:7      | Reached skill level 5 in Armour
  5049 | D:7      | Reached XP level 9. HP: 28/45 MP: 7/13
  5116 | D:7      | Reached skill level 5 in Invocations
  5128 | D:7      | Reached skill level 5 in Shields
  5183 | D:6      | Noticed a rust devil
  5183 | D:6      | Noticed a rust devil
  5263 | D:6      | HP: 1/45 [orc warrior/battleaxe (12)]
  5352 | D:6      | Reached skill level 7 in Long Blades
  5431 | D:7      | Found a shattered altar of Ashenzari.
  5432 | D:7      | Found a stormy altar of Qazlal.
  6226 | D:8      | Found a glowing golden altar of the Shining One.
  6235 | D:8      | Fell from the grace of Zin
  6235 | D:8      | Became a worshipper of the Shining One
  6235 | D:8      | Reached * piety under the Shining One
  6304 | D:8      | Reached XP level 10. HP: 51/51 MP: 15/15
  6390 | D:8      | Found an ornate altar of the Wu Jian Council.
  6617 | D:8      | Reached skill level 8 in Long Blades
  7216 | D:9      | Found a white marble altar of Elyvilon.
  7517 | D:9      | You fall through a shaft!
  7517 | D:10     | Entered Level 10 of the Dungeon
  7539 | D:10     | Reached ** piety under the Shining One
  8437 | D:9      | Reached skill level 5 in Fighting
  8598 | D:10     | Paralysed by a hornet for 2 turns
  8631 | D:10     | Slain by a komodo dragon

Vault maps used:
D:1:      minmay_arrival_wavy_path
D:3:      first_ration, serial_bayou, serial_bayou_pond_b, serial_bayou_pond_e,
          serial_bayou_crossing, serial_bayou_lagoon_a, serial_bayou_pond_c
D:4:      lemuel_crystal_altar, serial_shops, nicolae_shop_behind_doors
D:5:      minmay_temple_entry_statues_fountains, minmay_misc_feat_roman
D:6:      cheibrodos_iron_armory, nicolae_ru_great_annihilating_truth,
          fedhas_altar_3
D:7:      chequers_temple_overflow_statue_of_worship, uniq_harold
D:8:      minmay_goldmine, old_standard_altar, lemuel_doored_altar,
          blue_anna_alchemist, grunt_ministairs_1
D:9:      basic_altar
D:10:     david_lair_shrubbed, david_orc_2, serial_column_ruins,
          column_ruins_hut_ruined, column_ruins_corridor_dead_end,
          column_ruins_grid_3, column_ruins_columns_plus,
          column_ruins_columns_straight
Temple:   eino_temple_rhombus

Skill      XL: |  1  2  3  4  5  6  7  8  9 10 |
---------------+-------------------------------+-----
Fighting       | 3 4 5 |  5.0
Long Blades    | 2 3 4 5 6 7 8 |  8.9
Shields        | 3 4 5 6 |  6.0
Armour         | 3 4 5 6 |  6.1
Dodging        | 1 |  1.7
Invocations    | 1 4 6 7 |  7.3
Stealth        | 1 |  1.8

Action                   |  1- 3 |  4- 6 |  7- 9 | 10-12 || total
-------------------------+-------+-------+-------+-------++-------
Melee: Long sword        |   107 |   195 |   247 |   202 ||   751
       Bite              |    25 |    65 |   102 |    79 ||   271
Invok: Recite            |       |       |    15 |       ||    15
  Use: Scroll            |       |     6 |     1 |     1 ||     8
       Potion            |       |       |     4 |       ||     4
 Stab: Paralysed         |       |       |     1 |       ||     1
  Eat: Chunk             |       |     8 |     3 |     5 ||    16
       Ration            |       |       |     2 |     1 ||     3
Armor: Scale mail        |    55 |    42 |    12 |       ||   109
       Plate armour      |       |       |    54 |   129 ||   183
Dodge: Dodged            |    40 |    30 |    56 |    46 ||   172
Block: Shield            |    58 |    70 |   113 |   157 ||   398
       Rpst.: Long sword |    11 |    11 |    26 |    13 ||    61

Table legend:
 A = Spawn XP
 B = Non-spawn XP
 C = Spawn XP percentage of total XP
 D = Spawn monster count
 E = Non-spawn monster count
 F = Spawn count percentage of total count
 G = Total turns spent on level
                    A         B        C        D         E        F      G
               +---------+---------+-------+---------+---------+-------+---------
         Total |       0 |    8529 |   0.0 |       0 |     246 |   0.0 |  8631
               +---------+---------+-------+---------+---------+-------+---------
           D:1 |       0 |      38 |   0.0 |       0 |      20 |   0.0 |   744
           D:2 |       0 |      55 |   0.0 |       0 |      20 |   0.0 |   514
           D:3 |       0 |     178 |   0.0 |       0 |      24 |   0.0 |   949
           D:4 |       0 |     480 |   0.0 |       0 |      37 |   0.0 |   923
           D:5 |       0 |     308 |   0.0 |       0 |       5 |   0.0 |   853
           D:6 |       0 |     845 |   0.0 |       0 |      23 |   0.0 |   999
           D:7 |       0 |    2304 |   0.0 |       0 |      34 |   0.0 |   916
           D:8 |       0 |    2047 |   0.0 |       0 |      42 |   0.0 |  1424
           D:9 |       0 |    2257 |   0.0 |       0 |      40 |   0.0 |  1144
          D:10 |       0 |      17 |   0.0 |       0 |       1 |   0.0 |    68
               +---------+---------+-------+---------+---------+-------+---------
